 Dungeon Crawl Stone Soup version 0.32-a0-473-gd044c6f0f0 (webtiles) character file.

Game seed: 4455358146962886424

23 bjtr the Firebug (level 2, 0/19 HPs)
             Began as a Demonspawn Fire Elementalist on Feb 26, 2024.
             Slain by a rat (3 damage)
             ... on level 1 of the Dungeon.
             The game lasted 00:04:05 (595 turns).

bjtr the Firebug (Demonspawn Fire Elementalist)      Turns: 595, Time: 00:04:09

Health: 0/19       AC:  2    Str:  8    XL:     2   Next: 72%
Magic:  3/5        EV: 11    Int: 15    God:
Gold:   19         SH:  4    Dex: 13    Spells: 4/5 levels left

rFire   . . .        d - +0 dagger
rCold   . . .        e - +0 buckler
rNeg    . . .        a - +0 robe
rPois   .            (no helmet)
rElec   .            (no cloak)
rCorr   .            (no gloves)
SInv    .            (no boots)
Will    .....        (no amulet)
Stlth   ++           (no ring)
HPRegen 0.23/turn    (no ring)
MPRegen 0.09/turn

%: no passive effects
@: no status effects
A: weakness stinger 1
a: no special abilities


You were on level 1 of the Dungeon.
You visited 1 branch of the dungeon, and saw 1 of its levels.

You collected 19 gold pieces.

Inventory:

Hand Weapons
 d - a +0 dagger (weapon)
 g - a +0 sling
Armour
 a - a +0 robe (worn)
 e - a +0 buckler (worn)
Scrolls
 c - a scroll of identify {unknown}
 f - a scroll of blinking {unknown}
Potions
 b - 2 potions of magic


   Skills:
 + Level 2.0 Dodging
 + Level 1.8 Stealth
 * Level 0.5 Shields
 + Level 2.1 Spellcasting
 + Level 1.2 Conjurations
 + Level 3.1 Fire Magic


You had 4 spell levels left.
You knew the following spells:

 Your Spells              Type           Power      Damage    Failure   Level
a - Foxfire               Conj/Fire      32%        2x1d5     14%         1

Your spell library contained the following spells:

 Spells                   Type           Power      Damage    Failure   Level
 Scorch                   Fire           22%        2d5       14%         2
 Inner Flame              Hex/Fire       6%         N/A       50%         3
 Volatile Blastmotes      Fire/Tloc      12%        2d11      50%         3
 Flame Wave               Conj/Fire      8%         2d5       82%         4


Dungeon Overview and Level Annotations

Branches:
Dungeon (1/15)

Altars:


Innate Abilities, Weirdness & Mutations

You have a small tail.


Message History

The kobold is moderately wounded.
The kobold hits you with a +0 club.
You barely miss the kobold.
The kobold is moderately wounded.
The kobold closely misses you.
You hit the kobold but do no damage.
The kobold is moderately wounded.
The kobold hits you with a +0 club.
You closely miss the kobold.
The kobold is moderately wounded.
The kobold barely misses you. The rat bites you.
You closely miss the kobold.
Your tail-slap misses the kobold.
The kobold is moderately wounded.
The kobold hits you with a +0 club. You block the rat's attack.
Your magical contamination has completely faded away.
You hit the kobold.
The kobold is severely wounded.
The rat barely misses you. The kobold closely misses you.
You hit the kobold but do no damage.
The kobold is severely wounded.
You block the rat's attack. The kobold hits you with a +0 club.
* * * LOW HITPOINT WARNING * * *
You closely miss the kobold.
The kobold is severely wounded.
The rat bites you.
* * * LOW HITPOINT WARNING * * *
The kobold closely misses you.
Casting: Foxfire (safe; 14% risk of failure)
Confirm with . or Enter, or press ? or * to list all spells.
You conjure some foxfire!
The rat bites you.
* * * LOW HITPOINT WARNING * * *
You block the kobold's attack.
Casting: Foxfire (safe; 14% risk of failure)
Confirm with . or Enter, or press ? or * to list all spells.
You conjure some foxfire!
The foxfire hits the kobold but does no damage.
The kobold is severely wounded.
The foxfire hits the rat but does no damage.
The kobold misses you. The rat bites you.
You die...

#...... #......
#...... #......
###### #...... #)...#
#...... #....#
#......
#..K.##########....(.
#..v@................
#..vr#####.....######
#....# #..#####
##.### #..# #<## #.
#..# #..## #. #..#
#...# # #..###...##
...#∩.....# #∩.....##


You could see a kobold and a rat (ally target).

Vanquished Creatures
  A ball python (D:1)
  2 bats (D:1)
  3 endoplasms (D:1)
  A giant cockroach (D:1)
  2 hobgoblins (D:1)
  2 jackals (D:1)
  2 frilled lizards (D:1)
  2 goblins (D:1)
  3 kobolds (D:1)
  2 rats (D:1)
20 creatures vanquished.

Vanquished Creatures (others)
  29 foxfires (D:1)
29 creatures vanquished.

Grand Total: 49 creatures vanquished

Notes
Turn   | Place    | Note
-------+----------+-------------------------------------------
     0 | D:1      | bjtr the Demonspawn Fire Elementalist began the quest for
                  | the Orb.
     0 | D:1      | Reached XP level 1. HP: 13/13 MP: 3/3
   195 | D:1      | Gained mutation: You have a small tail. [demonic ancestry]
   195 | D:1      | Reached XP level 2. HP: 19/19 MP: 0/5
   218 | D:1      | Reached skill level 3 in Fire Magic
   595 | D:1      | Slain by a rat

Illustrated notes

Levels and vault maps discovered:
D:1:      amcnicky_arrival_abandoned_market, layout_rooms

Skill      XL: |  1  2 |
---------------+-------+-----
Fire Magic     | 3 |  3.1
Dodging        | 2 |  2.0
Stealth        | |  1.8
Shields        | |  0.5
Spellcasting   | |  2.1
Conjurations   | |  1.2

Action                     || total
---------------------------++-------
  Melee: Dagger            ||    63
         Tailslap          ||     9
   Cast: Foxfire           ||    19
   Stab: Sleeping          ||     1
 Armour: Robe              ||    52
  Dodge: Dodged            ||    54
  Block: Buckler           ||    15

Table legend: (Time is in decaauts)
 A = Elapsed time spent in this place.
 B = Non-inter-level travel time spent in this place.
 C = Inter-level travel time spent in this place.
 D = Time resting spent in this place.
 E = Time spent auto-exploring this place.
 F = Levels seen in this place.
 G = Mean time per level.
                   A        B        C        D        E       F      G
               +--------+--------+--------+--------+--------+-----+--------+
         Total |    598 |    598 |      0 |     51 |    327 |   1 |  598.0 |
       Dungeon |    598 |    598 |      0 |     51 |    327 |   1 |  598.0 |
               +--------+--------+--------+--------+--------+-----+--------+

Top non-repeatable levels by time:
     D:1: 598 daAuts
